 Dungeon Crawl Stone Soup version 0.28.0-47-ge53b351184 (webtiles) character file.

Game seed: 18300254299818144656

546 Ablot the Cutter (level 7, -4/60 HPs)
             Began as a Gnoll Chaos Knight on Apr 30, 2022.
             Was a Plaything of Xom.
             Slain by Sigmund
             ... wielding a +0 scythe
              (5 damage)
             ... on level 3 of the Dungeon.
             The game lasted 00:06:49 (4875 turns).

Ablot the Cutter (Gnoll Chaos Knight)               Turns: 4875, Time: 00:06:50

Health: -4/60      AC:  5    Str: 13    XL:     7   Next: 28%
Magic:  10/10      EV: 12    Int: 11    God:    Xom [.....*]
Gold:   173        SH:  0    Dex: 12    Spells: 10/10 levels left

rFire   x . .      SeeInvis .   a - +0 short sword (chaos)
rCold   + . .      Faith    .   (no shield)
rNeg    . . .      Spirit   .   b - +2 leather armour
rPois   .          Reflect  .   (no helmet)
rElec   .          Harm     .   (no cloak)
rCorr   .          Rampage  .   (no gloves)
Will    .....                   (no boots)
Stlth   ++........              (no amulet)
HPRegen 0.20/turn               e - ring of ice
MPRegen 0.12/turn               (no ring)

@: brilliant, invisible
A: fangs 1, strong nose, distributed training
a: Renounce Religion


You were on level 3 of the Dungeon.
You worshipped Xom.
You were Xom's teddy bear.
You visited 1 branch of the dungeon, and saw 4 of its levels.

You collected 173 gold pieces.

Inventory:

Hand Weapons
 a - a +0 short sword of chaos (weapon)
Missiles
 d - 58 bolts
 f - 51 arrows
 i - 14 stones (quivered)
Armour
 b - a +2 leather armour (worn)
Magical Staves
 p - a staff of air
Jewellery
 e - a ring of ice (left hand)
Scrolls
 c - 4 scrolls of identify {unknown}
 k - a scroll of enchant weapon {unknown}
 l - a scroll of magic mapping {unknown}
 m - a scroll of enchant armour {unknown}
 n - a scroll of torment {unknown}
Potions
 g - a potion of magic {unknown}
 h - a potion of attraction {unknown}
 j - a potion of invisibility
 o - a potion of heal wounds {unknown}


   Skills:
 + Level 7.0 Fighting
 + Level 7.0 Short Blades
 + Level 2.3 Long Blades
 + Level 2.3 Axes
 + Level 2.3 Maces & Flails
 + Level 2.3 Polearms
 + Level 2.3 Staves
 + Level 2.3 Slings
 + Level 2.3 Bows
 + Level 2.3 Crossbows
 + Level 2.3 Throwing
 + Level 5.2 Armour
 + Level 3.5 Dodging
 + Level 2.3 Stealth
 + Level 2.3 Shields
 + Level 2.3 Unarmed Combat
 + Level 2.3 Spellcasting
 + Level 1.9 Conjurations
 + Level 1.9 Hexes
 + Level 1.9 Summonings
 + Level 1.9 Necromancy
 + Level 1.9 Translocations
 + Level 1.9 Transmutations
 + Level 1.9 Fire Magic
 + Level 1.9 Ice Magic
 + Level 1.9 Air Magic
 + Level 1.9 Earth Magic
 + Level 1.9 Poison Magic
 + Level 2.6 Invocations
 + Level 2.3 Evocations


You had 10 spell levels left.
You didn't know any spells.
Your spell library contained the following spells:

 Spells                   Type           Power      Damage    Failure   Level
 Call Canine Familiar     Summ           8%         N/A       43%         3
 Ozocubu's Armour         Ice            12%        N/A       43%         3
 Portal Projectile        Hex/Tloc       16%        N/A       43%         3
 Leda's Liquefaction      Hex/Erth       4%         N/A       83%         4
 Ozocubu's Refrigeration  Ice            6%         4d6       100%        7


Dungeon Overview and Level Annotations

Branches:
Dungeon (4/15)
 Temple: D:4-7

Altars:

Shops:
D:4 *

Annotations:
D:3 Sigmund
D:4 Dowan, Eustachio


Innate Abilities, Weirdness & Mutations

You have very sharp teeth.
Your uncanny sense of smell can sniff out nearby items.
Your experience applies equally to all skills.


Message History

Sigmund closely misses you.
Sigmund points at you and mumbles some strange words.
You are more confused.
Sigmund hits you but does no damage.
You hit Sigmund. Lightning courses through Sigmund!
Sigmund is heavily wounded.
Sigmund gestures at you while chanting. The magic dart hits you!
Sigmund hits you from afar with a +0 scythe.
Sigmund hits you from afar with a +0 scythe.
Sigmund casts a spell at you. The magic dart hits you.
Sigmund closely misses you.
You hit Sigmund.
Sigmund seems to grow stronger.
Sigmund is heavily wounded.
Sigmund hits you with a +0 scythe!
* * * LOW HITPOINT WARNING * * *
You feel less confused.
Sigmund points at you and mumbles some strange words.
You resist with some effort.
You closely miss Sigmund.
Sigmund is heavily wounded.
You hit Sigmund but do no damage.
Sigmund is heavily wounded.
You are now Xom's teddy bear.
Sigmund is suddenly surrounded by pale blue light.
Sigmund gestures wildly while chanting.
Sigmund flickers and vanishes!
Deactivating autopickup; reactivate with Ctrl-A.
You hit something. You bite something. Something hits you!
* * * LOW HITPOINT WARNING * * *
You miss something. You closely miss something. Your bite misses something.
Something hits you!
* * * LOW HITPOINT WARNING * * *
You closely miss something.
It was a potion of invisibility.
You fade into invisibility!
Xom thinks this is hilarious!
Something hits you.
You die...

#.........# ####'##.#
#.####....# #.....#.. #.#
#....# #.....#.# #.# #....##
#.....#'# #.# ##....#
#####...... #.# #....####.#
#...... #.#
##.........###...... #.#
#...................
#.####>{@.)..........>...
#.#...)....#....###......
#.#...[.####....# #......
#.#.....# #....# #......
#####'#.....# #....# #######
#...........# ####.#
#...........# #.####
#.......##'## #.##.######
####...###.########.##.#....#


There were no monsters in sight!

Vanquished Creatures
  Duvessa (D:4)
  A black bear (D:4)
  An ice beast (D:3)
  An ogre (D:3)
  A hound (D:4)
  An iguana (D:4)
  3 adders
  An ufetubus (D:3)
  A worm (D:2)
  2 dart slugs
  6 orcs
  8 ball pythons
  14 endoplasms
  3 giant cockroaches
  4 hobgoblins
  5 bats
  2 frilled lizards (D:2)
  6 goblins
  5 kobolds
  13 rats
79 creatures vanquished.

Notes
Turn   | Place    | Note
-------+----------+-------------------------------------------
     0 | D:1      | Ablot the Gnoll Chaos Knight began the quest for the Orb.
     0 | D:1      | Reached XP level 1. HP: 23/23 MP: 1/1
    50 | D:1      | XOM: divination: detect items
   257 | D:1      | Reached XP level 2. HP: 22/29 MP: 2/2
   348 | D:1      | XOM: silly message
  1012 | D:1      | XOM: silly message
  1135 | D:2      | XOM: divination: detect items
  1246 | D:2      | Reached XP level 3. HP: 35/35 MP: 3/3
  1263 | D:2      | Found a faded altar of an unknown god.
  1370 | D:2      | Reached skill level 1 in Invocations
  1409 | D:2      | XOM: divination: magic mapping
  1475 | D:2      | Reached skill level 1 in Long Blades
  1475 | D:2      | Reached skill level 1 in Axes
  1475 | D:2      | Reached skill level 1 in Maces & Flails
  1475 | D:2      | Reached skill level 1 in Polearms
  1475 | D:2      | Reached skill level 1 in Staves
  1475 | D:2      | Reached skill level 1 in Slings
  1475 | D:2      | Reached skill level 1 in Bows
  1475 | D:2      | Reached skill level 1 in Crossbows
  1475 | D:2      | Reached skill level 1 in Throwing
  1475 | D:2      | Reached skill level 1 in Stealth
  1475 | D:2      | Reached skill level 1 in Shields
  1475 | D:2      | Reached skill level 1 in Unarmed Combat
  1475 | D:2      | Reached skill level 1 in Spellcasting
  1475 | D:2      | Reached skill level 1 in Evocations
  2030 | D:2      | Reached XP level 4. HP: 41/41 MP: 5/5
  2224 | D:3      | XOM: noise
  2293 | D:3      | Noticed an ice beast
  2296 | D:3      | XOM: divination: magic mapping
  2299 | D:3      | XOM: divination: detect items
  2305 | D:3      | XOM: summons 3 friendly demons
  2311 | D:3      | Killed an ice beast
  2312 | D:3      | Reached skill level 1 in Conjurations
  2312 | D:3      | Reached skill level 1 in Hexes
  2312 | D:3      | Reached skill level 1 in Summonings
  2312 | D:3      | Reached skill level 1 in Necromancy
  2312 | D:3      | Reached skill level 1 in Translocations
  2312 | D:3      | Reached skill level 1 in Transmutations
  2312 | D:3      | Reached skill level 1 in Fire Magic
  2312 | D:3      | Reached skill level 1 in Ice Magic
  2312 | D:3      | Reached skill level 1 in Air Magic
  2312 | D:3      | Reached skill level 1 in Earth Magic
  2312 | D:3      | Reached skill level 1 in Poison Magic
  2312 | D:3      | Reached XP level 5. HP: 40/47 MP: 5/7
  2753 | D:3      | XOM: noise
  3169 | D:4      | Noticed a black bear
  3305 | D:3      | XOM: silly message
  3423 | D:4      | Found Upsepn's Overcharged Wands.
  3499 | D:4      | Noticed an ogre
  3550 | D:4      | Noticed Duvessa
  3550 | D:4      | Noticed Dowan
  3550 | D:4      | Noticed Eustachio
  3558 | D:4      | Noticed Sigmund
  3567 | D:3      | Reached XP level 6. HP: 16/53 MP: 8/8
  3863 | D:4      | Killed a black bear
  3864 | D:4      | Reached skill level 5 in Armour
  3903 | D:4      | XOM: confuse monster(s)
  3923 | D:4      | XOM: enchant monster (bad)
  3934 | D:3      | XOM: potion effect (curing)
  4092 | D:4      | Noticed a steam dragon
  4186 | D:4      | Reached XP level 7. HP: 35/59 MP: 10/10
  4190 | D:4      | XOM: summons friendly shadow imp
  4193 | D:4      | XOM: confuse monster(s)
  4206 | D:4      | Killed Duvessa
  4370 | D:4      | XOM: 1-stop teleportation journey
  4663 | D:4      | XOM: noise
  4676 | D:4      | XOM: potion effect (might)
  4677 | D:4      | XOM: divination: detect creatures
  4678 | D:4      | XOM: divination: magic mapping
  4707 | D:3      | XOM: divination: detect creatures
  4846 | D:4      | XOM: potion effect (brilliance)
  4873 | D:3      | HP: 1/60 [something (7)]
  4875 | D:3      | Slain by Sigmund

Illustrated notes

Levels and vault maps discovered:
D:1:      dpeg_arrival_ratfight, layout_loops_cross, serial_rivers,
          chequers_serial_rivers_room_a, chequers_serial_rivers_room_b,
          chequers_serial_rivers_micro_c, chequers_serial_rivers_small_b,
          chequers_serial_rivers_micro_b, serial_park_tiny_1
D:2:      layout_loops_corners, hellmonk_ecumenical_altar_pennies_from_heaven
D:3:      layout_basic, minmay_circle_x
D:4:      layout_rooms, slow_altar_2, st_stairs_5,
          nicolae_shop_overcharged_wands, uniq_duvessa, uniq_eustachio,
          uniq_sigmund

Skill      XL: |  1  2  3  4  5  6  7 |
---------------+----------------------+-----
Invocations    | 1 2 |  2.6
Long Blades    | 1 2 |  2.3
Axes           | 1 2 |  2.3
Maces & Flails | 1 2 |  2.3
Polearms       | 1 2 |  2.3
Staves         | 1 2 |  2.3
Slings         | 1 2 |  2.3
Bows           | 1 2 |  2.3
Crossbows      | 1 2 |  2.3
Throwing       | 1 2 |  2.3
Stealth        | 1 2 |  2.3
Shields        | 1 2 |  2.3
Unarmed Combat | 1 2 |  2.3
Spellcasting   | 1 2 |  2.3
Evocations     | 1 2 |  2.3
Conjurations   | 1 |  1.9
Hexes          | 1 |  1.9
Summonings     | 1 |  1.9
Necromancy     | 1 |  1.9
Translocations | 1 |  1.9
Transmutations | 1 |  1.9
Fire Magic     | 1 |  1.9
Ice Magic      | 1 |  1.9
Air Magic      | 1 |  1.9
Earth Magic    | 1 |  1.9
Poison Magic   | 1 |  1.9
Dodging        | 3 |  3.5
Armour         | 5 |  5.2
Fighting       | 7 |  7.0
Short Blades   | 7 |  7.0

Action                   |  1- 3 |  4- 6 |  7- 9 || total
-------------------------+-------+-------+-------++-------
Melee: Short sword       |   128 |   134 |    18 ||   280
       Bite              |    11 |    11 |     2 ||    24
       Punch             |     2 |     2 |       ||     4
Throw: Stone             |       |     8 |     2 ||    10
  Use: Potion            |       |       |     1 ||     1
 Stab: Sleeping          |     4 |     1 |       ||     5
       Distracted        |       |     2 |       ||     2
       Paralysed         |       |     1 |       ||     1
       Confused          |       |       |     1 ||     1
Armor: Leather armour    |    65 |    46 |     5 ||   116
Dodge: Dodged            |    60 |    86 |     9 ||   155
